 Dungeon Crawl Stone Soup version 0.29-a0-322-g68df515428 (webtiles) character file.

Game seed: 4778368358711963271

57108 testman the Frost Mage (level 14, -1/113 HPs)
             Began as a Merfolk Ice Elementalist on Apr 8, 2022.
             Was the Champion of Cheibriados.
             Killed from afar by an ice dragon (34 damage)
             ... with a blast of cold
             ... on level 15 of the Dungeon.
             The game lasted 02:11:10 (25394 turns).

testman the Frost Mage (Merfolk Ice Elementalist)  Turns: 25394, Time: 02:11:12

Health: -1/113     AC: 14    Str: 24    XL:     14   Next: 84%
Magic:  8/27       EV: 16    Int: 34    God:    Cheibriados [******]
Gold:   941        SH:  5    Dex: 29    Spells: 1/32 levels left

rFire   + + .      SeeInvis .   P - +3 trident (venom)
rCold   x . .      Faith    .   (no shield)
rNeg    . . .      Spirit   .   Y - +0 fire dragon scales
rPois   +          Reflect  +   k - +1 helmet
rElec   .          Harm     .   u - scarf {shadows}
rCorr   +          Rampage  .   l - +2 pair of gloves
Will    +....                   I - +0 pair of boots
Stlth   +.........              L - amulet of reflection
HPRegen 0.28/turn               q - +4 ring of evasion
MPRegen 0.20/turn               V - ring of Sial {rPois rCorr}

@: freezing walls, very slightly contaminated, studying Evocations, very slow
A: (nimble swimmer 2), mertail
a: Renounce Religion, Bend Time, Temporal Distortion, Slouch, Step From Time


You were on level 15 of the Dungeon.
You worshipped Cheibriados.
Cheibriados was exalted by your worship.
You visited 2 branches of the dungeon, and saw 16 of its levels.
You also visited: Bailey.

You collected 1157 gold pieces.
You spent 216 gold pieces at shops.

Inventory:

Hand Weapons
 P - a +3 trident of venom (weapon)
Missiles
 j - 3 boomerangs of dispersal
 t - 35 poisoned darts
 w - 6 javelins
 H - 9 boomerangs
 Q - 2 silver boomerangs
 S - 6 curare-tipped darts
Armour
 k - a +1 helmet (worn)
 l - a +2 pair of gloves (worn)
 u - a scarf of shadows (worn)
 B - a +2 robe of positive energy
 I - a +0 pair of boots (worn)
 Y - +0 fire dragon scales (worn)
Jewellery
 p - a ring of flight
 q - a +4 ring of evasion (left hand)
 y - a ring of see invisible
 z - a ring of protection from fire
 L - an amulet of reflection (around neck)
 T - a ring of ice
 V - the ring of Sial (right hand) {rPois rCorr}
   (You found it on level 11 of the Dungeon)

   [ring of resist corrosion]

   rPois:     It protects you from poison.
   rCorr:     It protects you from acid and corrosion.
Wands
 m - a wand of iceblast (5)
 s - a wand of paralysis (7)
 K - a wand of flame (42)
 N - a wand of mindburst (14)
 R - a wand of digging (7)
 W - a wand of charming (9)
Scrolls
 e - 3 scrolls of magic mapping
 f - a scroll of fear
 h - a scroll of summoning
 i - 15 scrolls of teleportation
 n - 2 scrolls of brand weapon
 v - 2 scrolls of silence
 x - 10 scrolls of fog
 C - 2 scrolls of enchant weapon {unknown}
 E - 4 scrolls of amnesia
 F - a scroll of vulnerability {unknown}
 G - 2 scrolls of immolation {unknown}
 J - 3 scrolls of blinking
Potions
 a - 4 potions of flight
 b - 2 potions of magic
 c - a potion of resistance
 d - 3 potions of curing
 g - 2 potions of berserk rage
 o - a potion of brilliance {unknown}
 A - 3 potions of invisibility
 D - 3 potions of cancellation
 M - 3 potions of might
 O - 2 potions of mutation
 U - a potion of heal wounds
 Z - a potion of lignification {unknown}
Miscellaneous
 r - a lightning rod (4/4)


   Skills:
 + Level 11.3 Fighting
 + Level 13.4 Polearms
 - Level 1.0 Armour
 - Level 3.0 Dodging
 - Level 2.1 Stealth
 + Level 9.9 Spellcasting
 + Level 5.7 Conjurations
 - Level 5.0 Translocations
 + Level 14.2 Ice Magic
 - Level 3.0 Air Magic
 + Level 9.9 Invocations
 + Level 5.1 Evocations


You had one spell level left.
You knew the following spells:

 Your Spells              Type           Power      Damage    Failure   Level
a - Freeze                Ice            100%       1d11      1%          1
b - Frozen Ramparts       Ice            100%       1d12      1%          3
c - Ozocubu's Armour      Ice            85%        N/A       1%          3
d - Hailstorm             Conj/Ice       71%        3d15      1%          4
e - Blink                 Tloc           100%       N/A       1%          2
f - Iskenderun's Mystic   Conj/Tloc      52%        2d11      9%          4
g - Freezing Cloud        Conj/Ice/Air   31%        6-21      10%         5
h - Lesser Beckoning      Tloc           50%        N/A       3%          3
i - Teleport Other        Tloc           50%        N/A       3%          3
j - Gell's Gravitas       Tloc           50%        N/A       3%          3

Your spell library contained the following spells:

 Spells                   Type           Power      Damage    Failure   Level
 Apportation              Tloc           100%       N/A       1%          1
 Shock                    Conj/Air       100%       1d9       1%          1
 Animate Skeleton         Necr           32%        N/A       9%          1
 Summon Small Mammal      Summ           64%        N/A       9%          1
 Ensorcelled Hibernation  Hex/Ice        100%       N/A       1%          2
 Static Discharge         Conj/Air       46%        N/A       1%          2
 Corpse Rot               Necr/Air       54%        N/A       7%          2
 Poisonous Vapours        Pois/Air       54%        N/A       7%          2
 Dazzling Flash           Conj/Hex       72%        N/A       8%          3
 Mephitic Cloud           Conj/Pois/Air  36%        N/A       8%          3
 Swiftness                Air            37%        N/A       8%          3
 Portal Projectile        Hex/Tloc       66%        N/A       9%          3
 Metabolic Englaciation   Hex/Ice        30%        N/A       12%         5
 Sublimation of Blood     Necr           16%        N/A       13%         2
 Airstrike                Air            18%        N/A       24%         4
 Call Canine Familiar     Summ           16%        N/A       26%         3
 Ignite Poison            Fire/Tmut/Pois 16%        N/A       26%         3
 Spider Form              Tmut/Pois      16%        N/A       26%         3
 Summon Guardian Golem    Hex/Summ       16%        N/A       26%         3
 Sticky Flame             Conj/Fire      36%        2d6       26%         4
 Manifold Assault         Tloc           50%        N/A       30%         5
 Irradiate                Conj/Tmut      18%        3d19      56%         5
 Simulacrum               Ice/Necr       30%        N/A       56%         6
 Anguish                  Hex/Necr       8%         N/A       63%         4
 Dispel Undead            Necr           16%        3d10      63%         4
 Leda's Liquefaction      Hex/Erth       8%         N/A       63%         4
 Petrify                  Tmut/Erth      16%        N/A       63%         4
 Lee's Rapid Deconstruct  Erth           8%         3d8*      93%         5
 Starburst                Conj/Fire      18%        6d7       98%         6
 Statue Form              Tmut/Erth      10%        N/A       100%        6
 Orb of Destruction       Conj           27%        9d9       100%        7
 Spellforged Servitor     Conj/Summ      18%        N/A       100%        7
 Polar Vortex             Ice            42%        N/A       100%        9


Dungeon Overview and Level Annotations

Branches:
Dungeon (15/15)            Temple (1/1) D:4            Lair (0/6) D:10
    Orc (0/2) D:10         Vaults (0/5) D:14         Bailey (visited)
 Depths: D:15

Altars:
Ashenzari
Cheibriados
Dithmenos
Elyvilon
Fedhas
Gozag
Hepliaklqana
Kikubaaqudgha
Makhleb
Nemelex Xobeh
Okawaru
Qazlal
Ru
Sif Muna
Trog
Uskayaw
Vehumet
Wu Jian
Xom
Yredelemnul
Zin
The Shining One
Beogh

Shops:
D:1 (?([   D:2 !   D:6 [   D:12 =


Innate Abilities, Weirdness & Mutations

((You are very nimble when in or above water. (Stealth+, EV+, Speed+++)))
Your lower body shifts to a powerful aquatic tail in water.


Message History

The ice dragon bites you but does no damage.
The ice dragon claws you but does no damage.
The ice dragon closely misses you.
The fire dragon is frozen!
The wall freezes the fire dragon!
The fire dragon breathes flames at you. The blast of flame hits you!
You resist.
* * * LOW HITPOINT WARNING * * *
Casting: Hailstorm (mildly dangerous; 1% risk of failure)
Confirm with . or Enter, or press ? or * to list all spells.
You erupt in a blast of force!
The mystic blast hits the ice dragon!
The ice dragon is moderately wounded.
The ice dragon is knocked back by the mystic blast.
The mystic blast hits the fire dragon.
The fire dragon is almost dead.
The fire dragon is knocked back by the mystic blast.
The ice dragon resists.
The wall freezes the ice dragon.
Casting: Iskenderun's Mystic Blast (dangerous; 9% risk of failure)
Confirm with . or Enter, or press ? or * to list all spells.
Casting: Hailstorm (mildly dangerous; 1% risk of failure)
Press: ? - help, Dir - look around, f - activate A cannonade of hail descends around you!
The hail pelts the fire dragon!!
The fire dragon is frozen!
You kill the fire dragon!
Cheibriados appreciates the change of pace.
The hail pelts the tengu warrior!!
The tengu warrior is moderately wounded.
The hail pelts the ice dragon!!
The ice dragon partially resists.
The ice dragon is severely wounded.
The wall freezes the tengu warrior.
The ice dragon resists.
The wall freezes the ice dragon.
You closely miss the ice dragon.
The ice dragon is severely wounded.
The wall freezes the tengu warrior.
You puncture the ice dragon!
The ice dragon is severely wounded.
The ice dragon completely resists.
The wall freezes the ice dragon but does no damage.
The ice dragon breathes frost at you. The blast of cold hits you!!
You feel a terrible chill!
You die...

#.........# #..#
#<........# #..#
#.........# $. .$ ##..#
#.........# $. .$ #...#
#.........## .#.. ##.#)#
#....(..Q..# ... #..#)#
######.###.###.# #.##.#
#.###..##D# #.##.#
#..##...Q@# #.##.#
##.##..8..# #.##.#
#.##....## #.##.# #.##
#[###..### #.##.# #####
#....#.###.##.#
#.##.###.... #<......###.#
##.##.#.[[###
##.##.#.###.####..##...###
#........#.##...###..##
###......#.#..#####..###


You could see an ice dragon (catching breath) and a tengu warrior.

Vanquished Creatures
  Azrael (D:13)
  2 fire dragons
  2 vault guards (Bailey)
  A rakshasa (D:13)
  Fannar (D:12)
  A salamander tyrant (D:13)
  3 boulder beetles
  2 hydras (D:12)
  3 two-headed ogres
  5 centaur warriors
  2 death knights (D:15)
  2 tengu warriors (D:13)
  16 skeletal warriors
  A deep elf archer (D:12)
  3 necromancers (D:14)
  A deep elf pyromancer (D:12)
  2 phantasmal warriors (D:15)
  9 cyclopes
  5 manticores
  8 ugly things
  Maurice (D:11)
  2 gargoyles
  A kobold demonologist (D:12)
  An unseen horror (D:11)
  Psyche (D:9)
  An efreet (D:13)
  2 freezing wraiths (D:15)
  3 komodo dragons
  7 trolls
  2 polar bears (D:14)
  Prince Ribbit (D:6)
  9 slime creatures
  A blink frog (Bailey)
  A shadow (D:13)
  A centaur simulacrum (D:14)
  A vampire (D:14)
  A spriggan (shapeshifter) (D:15)
  Sigmund (D:2)
  2 wyverns
  5 fire elementals (D:13)
  8 wraiths
  A basilisk (D:11)
  14 yaks
  Grum (D:9)
  4 humans (Bailey)
  Eustachio (D:4)
  A vampire mosquito (D:12)
  2 steam dragons
  Menkaure (D:6)
  3 acid dragons (D:12)
  3 hell hounds (D:13)
  Duvessa (D:7)
  2 water moccasins
  18 orc warriors
  3 ice beasts
  A black bear (D:5)
  6 wolves
  12 centaurs
  7 ogres
  3 phantoms
  2 kobold brigands
  13 bullfrogs
  6 scorpions
  4 necrophages
  4 gnoll sergeants
  A hornet simulacrum (D:15)
  Dowan (D:7)
  A killer bee (D:9)
  3 electric eels
  3 howler monkeys (D:12)
  A lava snake (D:13)
  A hound (D:6)
  A jelly (D:6)
  8 orc priests
  Terence (D:2)
  12 orc wizards
  7 gnolls
  4 adders
  A shadow imp (D:8)
  4 white imps
  4 ufetubi
  2 worms
  2 dart slugs (D:1)
  59 orcs
  4 bats
  4 endoplasms
  5 giant cockroaches
  6 goblins
  10 hobgoblins
  4 jackals
  9 quokkas
  7 ball pythons
  4 frilled lizards
  16 kobolds
  4 rats
424 creatures vanquished.

Vanquished Creatures (others)
  A kobold brigand (D:11)
  12 fungi (D:10)
  26 plants
39 creatures vanquished.

Grand Total: 463 creatures vanquished

Notes
Turn   | Place    | Note
-------+----------+-------------------------------------------
     0 | D:1      | testman the Merfolk Ice Elementalist began the quest for
                  | the Orb.
     0 | D:1      | Reached XP level 1. HP: 13/13 MP: 3/3
   296 | D:1      | Found Maucs's Armour Shop.
   317 | D:1      | Reached XP level 2. HP: 19/19 MP: 5/5
   322 | D:1      | Found Fezisaz's Antique Weapon Shoppe.
   523 | D:1      | Found Qoqesif's Magic Scroll Emporium.
   899 | D:1      | Found Litoveti's Antique Weapon Boutique.
  1479 | D:2      | Reached XP level 3. HP: 14/25 MP: 6/6
  1482 | D:2      | Reached skill level 1 in Polearms
  1488 | D:2      | Learned a level 3 spell: Frozen Ramparts
  1492 | D:2      | Learned a level 3 spell: Ozocubu's Armour
  1702 | D:2      | Reached skill level 1 in Fighting
  1702 | D:2      | Reached skill level 5 in Ice Magic
  1890 | D:2      | Reached XP level 4. HP: 19/32 MP: 8/8
  2128 | D:2      | Noticed Sigmund
  2148 | D:2      | Killed Sigmund
  2149 | D:2      | Reached XP level 5. HP: 22/39 MP: 6/10
  2378 | D:1      | Bought a scroll of identify for 28 gold pieces
  2489 | D:2      | Noticed Terence
  2500 | D:2      | Reached XP level 6. HP: 46/46 MP: 4/11
  2504 | D:2      | Killed Terence
  2701 | D:2      | Found Reahimm's Distillery.
  3139 | D:3      | Identified the +1 ring mail "Iwiaxit" {Int+5}
  3215 | D:3      | Found a faded altar of an unknown god.
  3879 | D:4      | Found a staircase to the Ecumenical Temple.
  3889 | Temple   | Entered the Ecumenical Temple
  4139 | Temple   | Learned a level 4 spell: Hailstorm
  4150 | Temple   | Became a worshipper of Cheibriados the Contemplative
  4356 | D:4      | Reached XP level 7. HP: 52/52 MP: 8/12
  4368 | D:4      | Reached skill level 6 in Ice Magic
  4473 | D:4      | Reached skill level 1 in Armour
  4473 | D:4      | Reached skill level 1 in Conjurations
  4491 | D:4      | Noticed Eustachio
  4501 | D:4      | Killed Eustachio
  4705 | D:5      | Entered Level 5 of the Dungeon
  4966 | D:4      | Reached * piety under Cheibriados
  5631 | D:2      | Bought a potion of heal wounds for 65 gold pieces
  5631 | D:2      | Bought a potion of curing for 39 gold pieces
  5733 | D:1      | Bought a scroll of identify for 28 gold pieces
  5733 | D:1      | Bought a scroll of fog for 28 gold pieces
  5733 | D:1      | Bought a scroll of identify for 28 gold pieces
  5977 | D:5      | Reached XP level 8. HP: 58/58 MP: 12/14
  6042 | D:5      | Reached skill level 7 in Ice Magic
  6477 | D:6      | Noticed Menkaure
  6485 | D:6      | Killed Menkaure
  6486 | D:6      | Reached skill level 8 in Ice Magic
  6519 | D:6      | Reached skill level 9 in Ice Magic
  6552 | D:6      | Reached ** piety under Cheibriados
  6813 | D:6      | Learned a level 2 spell: Blink
  6960 | D:6      | Found Ysidy's Antique Armour Shop.
  6985 | D:6      | Reached XP level 9. HP: 54/65 MP: 11/15
  7608 | D:6      | Noticed Prince Ribbit
  7615 | D:6      | Killed Prince Ribbit
  7616 | D:6      | Reached skill level 5 in Polearms
  7616 | D:6      | Reached skill level 1 in Translocations
  7616 | D:6      | Reached skill level 10 in Ice Magic
  8070 | D:7      | Found a transporter.
  8495 | D:7      | Found a shimmering blue altar of Sif Muna.
  8529 | D:7      | Noticed Dowan
  8538 | D:7      | Killed Dowan
  8598 | D:7      | Noticed Duvessa
  8618 | D:7      | Killed Duvessa
  8871 | D:7      | Reached skill level 5 in Fighting
  8871 | D:7      | Reached skill level 5 in Spellcasting
  8883 | D:7      | Learned a level 4 spell: Iskenderun's Mystic Blast
  9035 | D:7      | Found a transporter.
  9991 | D:8      | Reached XP level 10. HP: 74/74 MP: 13/17
 10089 | D:8      | Reached *** piety under Cheibriados
 10891 | D:9      | Noticed a centaur warrior
 10892 | D:9      | Noticed Grum
 10905 | D:9      | Killed Grum
 10906 | D:9      | Reached skill level 1 in Invocations
 11059 | D:9      | Killed a centaur warrior
 11565 | D:9      | Found a hazy altar of Hepliaklqana.
 11667 | D:9      | Noticed Psyche
 11684 | D:9      | Killed Psyche
 11685 | D:9      | Reached skill level 11 in Ice Magic
 12239 | D:10     | Entered Level 10 of the Dungeon
 12265 | D:10     | Found a flagged portal.
 12306 | Bailey   | Entered a bailey
 12332 | Bailey   | Reached XP level 11. HP: 83/83 MP: 16/20
 12350 | Bailey   | Reached **** piety under Cheibriados
 12457 | Bailey   | Noticed a vault guard
 12489 | Bailey   | Killed a vault guard
 12682 | Bailey   | Noticed a vault guard
 12696 | Bailey   | Killed a vault guard
 12935 | D:10     | Learned a level 5 spell: Freezing Cloud
 13601 | D:10     | Reached skill level 5 in Conjurations
 13705 | D:10     | Found a staircase to the Lair.
 13710 | D:10     | Reached skill level 1 in Air Magic
 13810 | D:10     | Found a staircase to the Orcish Mines.
 13815 | D:10     | Reached ***** piety under Cheibriados
 14300 | D:10     | Found an opulent altar of Gozag.
 14510 | D:11     | Noticed a manticore
 14517 | D:11     | Reached skill level 5 in Invocations
 14518 | D:11     | Killed a manticore
 14519 | D:11     | Reached XP level 12. HP: 61/92 MP: 17/22
 14769 | D:11     | Noticed Maurice
 14780 | D:11     | Killed Maurice
 14993 | D:11     | Reached skill level 5 in Translocations
 15064 | D:11     | Identified the ring of Sial {rPois rCorr}
 15188 | D:11     | Noticed a two-headed ogre
 15195 | D:11     | Killed a two-headed ogre
 15569 | D:12     | Noticed Fannar
 15582 | D:12     | Noticed a boulder beetle
 15588 | D:12     | Killed Fannar
 15608 | D:12     | Killed a boulder beetle
 15609 | D:12     | Reached skill level 12 in Ice Magic
 15832 | D:12     | Found Koan's Jewellery Emporium.
 15925 | D:12     | Noticed a five-headed hydra
 15928 | D:12     | Killed a five-headed hydra
 16013 | D:12     | Reached skill level 10 in Polearms
 16758 | D:12     | HP: 1/94 [deep elf pyromancer/bolt of fire (20)]
 17765 | D:12     | Noticed a seven-headed hydra
 17767 | D:12     | Reached XP level 13. HP: 75/101 MP: 17/25
 18819 | D:13     | Noticed a rakshasa
 18825 | D:13     | Reached skill level 13 in Ice Magic
 18833 | D:13     | Killed a rakshasa
 19017 | D:13     | Noticed a fire dragon
 19027 | D:13     | Killed a fire dragon
 19471 | D:13     | Reached ****** piety under Cheibriados
 19472 | D:13     | Reached skill level 10 in Fighting
 19900 | D:13     | Learned a level 3 spell: Lesser Beckoning
 20984 | D:13     | Noticed Azrael
 20991 | D:13     | Killed Azrael
 20994 | D:13     | Reached XP level 14. HP: 65/111 MP: 5/27
 22091 | D:14     | Found a sacrificial altar of Ru.
 22099 | D:14     | Reached skill level 1 in Evocations
 23176 | D:14     | Found a gate to the Vaults.
 23672 | D:15     | Entered Level 15 of the Dungeon
 23689 | D:15     | Reached skill level 14 in Ice Magic
 24747 | D:15     | Learned a level 3 spell: Teleport Other
 24751 | D:15     | Learned a level 3 spell: Gell's Gravitas
 24930 | D:15     | Reached skill level 5 in Evocations
 25394 | D:15     | Killed from afar by an ice dragon

Illustrated notes

Levels and vault maps discovered:
D:1:      dpeg_arrival_three_same_balls, layout_loops_ring, serial_shops,
          nicolae_shop_behind_doors, shop, shop, nicolae_shop_statue_plus,
          minmay_shallow_snake_nest
D:2:      layout_rooms, serial_shops, shop, minmay_octomino_e4, uniq_terence,
          uniq_sigmund
D:3:      layout_loops_ring, dreamdust_ecumenical_altar_angels_and_demons,
          minivault_11, st_stairs_8
D:4:      layout_rooms, temple_pool_b, serial_glass, glass_columns_a,
          glass_columns_a, uniq_eustachio
D:5:      layout_rooms, supply_closet_lemuel, chequers_serial_rivers_room_b,
          kennysheep_generic_room_16
D:6:      layout_basic, serial_shops, shop, corexii_shack, uniq_prince_ribbit1,
          uniq_menkaure
D:7:      gammafunk_steamed_eel, layout_basic, mainiacjoe_overflow_alcove_4,
          uniq_duvessa
D:8:      layout_basic, hangedman_abyss_or_decor_slice,
          chequers_serial_rivers_room_b, minmay_manual_mess
D:9:      layout_gridville, lemuel_round_altar, minmay_circle_x, uniq_psyche,
          uniq_grum
D:10:     layout_loops_corners, nicolae_gozag_cash_rules_everything_around_me,
          grunt_lair_entry_orc_guard_hut,
          kennysheep_orc_monster_closet_entryway, enter_bailey_6,
          serial_co_window_serial, co_window_paths_b, co_window_corner_a,
          co_window_paths_a, co_window_paths_a, co_window_cross_1,
          co_window_corner_cb, co_window_paths_c, co_window_unsneaky_path_d,
          co_window_sun, co_window_4corner_a, glass_columns_a, glass_columns_b
D:11:     layout_basic, uniq_maurice
D:12:     minmay_box_of_statues, layout_loops_cross, serial_shops,
          nicolae_shop_waterfront, uniq_fannar
D:13:     lemuel_flame_loot_2, layout_irregular_city, uniq_azrael
D:14:     layout_roguey [special_room_orc], david_vaults_1, serial_ice,
          serial_ice_g, serial_ice_k, serial_ice_a, serial_ice_m, serial_ice_f,
          serial_ice_d, hangedman_ru_absence
D:15:     grunt_enter_depths_hoard, layout_rooms,
          lemuel_zombie_altar_yredelemnul
Temple:   mainiacjoe_temple_bowtie_tessellation

Skill      XL: |  1  2  3  4  5  6  7  8  9 10 11 12 13 14 |
---------------+-------------------------------------------+-----
Polearms       | 1 3 4 6 7 9 10 12 13 | 13.4
Fighting       | 1 2 3 5 6 7 9 10 11 | 11.3
Ice Magic      | 5 6 9 10 11 12 13 14 | 14.2
Spellcasting   | 3 4 5 6 7 8 9 |  9.9
Armour         | 1 |  1.0
Conjurations   | 3 4 5 |  5.7
Translocations | 2 3 4 5 |  5.0
Invocations    | 3 5 7 8 9 |  9.9
Air Magic      | 2 3 |  3.0
Dodging        | 3 |  3.0
Evocations     | 5 |  5.1
Stealth        | |  2.1

Action                   |  1- 3 |  4- 6 |  7- 9 | 10-12 | 13-15 || total
-------------------------+-------+-------+-------+-------+-------++-------
Melee: Dagger            |     2 |       |       |       |       ||     2
       Spear             |    83 |   164 |   291 |       |       ||   538
       Punch             |     1 |     2 |     2 |     4 |     4 ||    13
       Trident           |       |       |    20 |   329 |   331 ||   680
       Tailslap          |       |       |       |     3 |       ||     3
Throw: Stone             |       |     4 |       |       |       ||     4
       Dart              |       |     2 |     8 |     8 |     2 ||    20
       Boomerang         |       |       |       |     2 |     3 ||     5
       Javelin           |       |       |       |       |     1 ||     1
 Cast: Freeze            |    10 |     1 |       |       |       ||    11
       Frozen Ramparts   |     1 |     8 |    36 |    60 |    56 ||   161
       Ozocubu's Armour  |       |     2 |     8 |    12 |     4 ||    26
       Hailstorm         |       |       |    10 |    17 |    20 ||    47
       Freezing Cloud    |       |       |       |    19 |    39 ||    58
       Iskenderun's Myst |       |       |       |     6 |     9 ||    15
       Gell's Gravitas   |       |       |       |       |     4 ||     4
       Blink             |       |       |       |       |     2 ||     2
Evoke: Wand              |       |       |       |     1 |       ||     1
  Use: Potion            |       |     1 |     8 |     3 |     2 ||    14
       Scroll            |       |     5 |    11 |    11 |     4 ||    31
 Stab: Sleeping          |    10 |     6 |     1 |     1 |       ||    18
       Distracted        |       |       |       |       |     1 ||     1
Armor: Robe              |    10 |    11 |    65 |    36 |    18 ||   140
       Ring mail         |       |    12 |     1 |       |       ||    13
       Fire dragon scale |       |       |       |       |    24 ||    24
Dodge: Dodged            |    49 |    70 |   216 |   128 |   127 ||   590
Block: Other             |       |       |       |    31 |    51 ||    82
       Reflection        |       |       |       |     7 |    11 ||    18

Table legend: (Time is in decaauts)
 A = Elapsed time spent in this place.
 B = Non-inter-level travel time spent in this place.
 C = Inter-level travel time spent in this place.
 D = Time resting spent in this place.
 E = Time spent auto-exploring this place.
 F = Levels seen in this place.
 G = Mean time per level.
                   A        B        C        D        E       F      G
               +--------+--------+--------+--------+--------+-----+--------+
         Total |  31072 |  29239 |   1833 |   9886 |  15722 |  17 | 1827.8 |
       Dungeon |  30293 |  28492 |   1801 |   9673 |  15422 |  15 | 2019.5 |
        Temple |    273 |    241 |     32 |      0 |    222 |   1 |  273.0 |
        Bailey |    505 |    505 |      0 |    213 |     77 |   1 |  505.0 |
               +--------+--------+--------+--------+--------+-----+--------+

Top non-repeatable levels by time:
    D:12: 3916 daAuts
    D:13: 3697 daAuts
    D:14: 2682 daAuts
    D:10: 2524 daAuts
     D:6: 1938 daAuts
     D:7: 1930 daAuts
     D:8: 1857 daAuts
     D:9: 1846 daAuts
    D:11: 1806 daAuts
     D:1: 1790 daAuts
     D:4: 1590 daAuts
    D:15: 1572 daAuts
     D:2: 1567 daAuts
     D:3: 819 daAuts
     D:5: 752 daAuts
